 Dungeon Crawl Stone Soup version 0.22-a0-283-g1871b15 (webtiles) character file.

542 vishdafish the Chopper (level 7, -7/54 HPs)
             Began as a Formicid Hunter on Mar 18, 2018.
             Killed by divine providence
             ... invoked by an orc priest
              (9 damage)
             ... on level 4 of the Dungeon.
             The game lasted 00:07:14 (3966 turns).

vishdafish the Chopper (Formicid Hunter)            Turns: 3966, Time: 00:07:14

Health: -7/54      AC: 10    Str: 14 (17) XL:     7   Next: 52%
Magic:  7/7        EV: 10    Int:  9 (12) God:
Gold:   214        SH:  0    Dex:  9 (11) Spells: 6/6 levels left

rFire    . . .     SeeInvis +   u - +2 hand axe (chop)
rCold    . . .     Gourm    .   (no shield)
rNeg     . . .     Faith    .   t - +0 scale mail
rPois    .         Spirit   .   (helmet unavailable)
rElec    .         Reflect  .   (no cloak)
rCorr    .         Harm     .   v - +2 pair of gloves
MR       .....                  (no boots)
Stlth    ..........             (no amulet)
HPRegen  0.18/turn              (no ring)
MPRegen  0.10/turn              (no ring)

@: no status effects
A: permanent stasis, dig shafts and tunnels, four strong arms, antennae 3
a: Dig, Shaft Self


You were on level 4 of the Dungeon.
You were hungry.

You visited 1 branch of the dungeon, and saw 4 of its levels.

You collected 214 gold pieces.

Inventory:

Hand Weapons
 a - a +1 hand crossbow
 u - a +2 hand axe of chopping (weapon)
Missiles
 d - 33 bolts
Armour
 c - a +0 leather armour
 r - a +1 robe
 t - a +0 scale mail (worn)
 v - a +2 pair of gloves (worn)
Scrolls
 e - 2 scrolls of blinking
 h - 2 scrolls of remove curse
 i - a scroll of magic mapping
 j - a scroll of teleportation {unknown}
 m - a scroll of amnesia {unknown}
 p - a scroll of random uselessness {unknown}
Potions
 l - a potion of brilliance
 q - 2 potions of flight
Comestibles
 b - a chunk of flesh
 f - 7 rations


   Skills:
 - Level 4.1 Fighting
 * Level 4.6 Axes
 - Level 4.0 Crossbows
 - Level 3.3 Armour
 - Level 3.3 Dodging
 - Level 1.2 Stealth


You had 6 spell levels left.
You didn't know any spells.

Dungeon Overview and Level Annotations

Branches:
Dungeon (4/15)
 Temple: D:4-7

Altars:
Okawaru
Qazlal

Shops:
D:4 [


Innate Abilities, Weirdness & Mutations

You cannot be hasted, slowed, berserked, paralysed or teleported.
You can dig through walls and to a lower floor.
Your four strong arms can wield two-handed weapons with a shield.
You have a pair of large antennae on your head. (SInv)


Message History

The orc priest is moderately wounded.
The orc priest hits you with a quarterstaff.
* * * LOW HITPOINT WARNING * * *
You hit the orc priest.
The orc priest is severely wounded.
The orc priest miscasts a cantrip.
You hit the orc priest.
You kill the orc priest!
You hit the orc priest but do no damage.
The orc priest mumbles some strange prayers to Beogh against you.
Beogh smites you!
* * * LOW HITPOINT WARNING * * *
You barely miss the orc priest.
The orc priest hits you but does no damage.
You closely miss the orc priest. The orc priest barely misses you.
You hit the orc priest.
The orc priest is lightly wounded.
The orc priest invokes the aid of Beogh against you.
Beogh smites you!
You die...

.#{ ..#.##........######
.. #.#.#########.# . { #.
#.#.#########.#
....##.####.#.......(...#
...o.ยง.?......###########
##.#####o####.#
#......oo....#
#########.#### ##{#@#
##o## ###


You could see an orc priest.

Vanquished Creatures
  Grinder (D:3)
  The ghost of Gorglomux the Sneak, a weakling FeFi (D:3)
  An orc priest (D:4)
  Jessica (D:2)
  3 orc wizards
  An iguana (D:4)
  5 adders
  4 worms
  2 dart slugs
  A leopard gecko (D:2)
  7 orcs (D:3)
  3 ball pythons
  7 giant cockroaches
  10 goblins
  8 hobgoblins
  7 jackals (D:1)
  11 kobolds
  3 bats
  4 frilled lizards
  10 rats
90 creatures vanquished.

Notes
Turn   | Place    | Note
-------+----------+-------------------------------------------
     0 | D:1      | vishdafish the Formicid Hunter began the quest for the Orb.
     0 | D:1      | Reached XP level 1. HP: 16/16 MP: 1/1
    83 | D:1      | Reached XP level 2. HP: 22/23 MP: 2/2
   138 | D:1      | Reached skill level 1 in Armour
   393 | D:1      | Reached XP level 3. HP: 24/28 MP: 3/3
   749 | D:2      | Reached XP level 4. HP: 22/35 MP: 4/4
  1356 | D:2      | Reached XP level 5. HP: 27/41 MP: 5/5
  1552 | D:2      | Noticed Jessica
  1572 | D:2      | Killed Jessica
  1623 | D:2      | Found a stormy altar of Qazlal.
  2063 | D:3      | Noticed Gorglomux's ghost (weakling FeFi)
  2101 | D:3      | HP: 1/42 [Gorglomux's ghost (10)]
  2397 | D:3      | Killed Gorglomux's ghost
  2624 | D:3      | Reached XP level 6. HP: 47/48 MP: 6/6
  3108 | D:3      | Found an iron altar of Okawaru.
  3251 | D:3      | Noticed Grinder
  3321 | D:3      | Killed Grinder
  3321 | D:3      | Reached XP level 7. HP: 20/54 MP: 7/7
  3769 | D:4      | Found Naofisu's Armour Emporium.
  3963 | D:4      | HP: 1/54 [orc priest/divine providence (8)]
  3966 | D:4      | Killed from afar by an orc priest

Vault maps used:
D:1:      nagdon_arrival_zigzag_paths
D:2:      lemuel_round_altar, uniq_jessica
D:3:      overflow_temple_1_default, first_ration, uniq_grinder
D:4:      serial_shops, shop_fountains

Skill      XL: |  1  2  3  4  5  6  7 |
---------------+----------------------+-----
Dodging        | 2 3 |  3.3
Armour         | 1 2 3 |  3.3
Fighting       | 3 4 |  4.1
Axes           | 3 4 |  4.6
Crossbows      | |  4.0
Stealth        | |  1.2

Action                   |  1- 3 |  4- 6 |  7- 9 || total
-------------------------+-------+-------+-------++-------
Melee: Short sword       |   105 |    85 |       ||   190
       Hand axe          |       |    33 |    43 ||    76
 Fire: Hand crossbow     |    14 |    85 |       ||    99
 Abil: Dig               |       |       |     3 ||     3
  Use: Potion            |       |     4 |     2 ||     6
       Scroll            |       |       |     6 ||     6
 Stab: Sleeping          |     1 |       |       ||     1
  Eat: Chunk             |       |     4 |     2 ||     6
       Ration            |       |     1 |       ||     1
Armor: Leather armour    |    41 |     9 |       ||    50
       Robe              |       |     6 |       ||     6
       Scale mail        |       |    26 |    21 ||    47
       Skin              |       |    11 |       ||    11
Dodge: Dodged            |   100 |    92 |    11 ||   203

Table legend:
 A = Spawn XP
 B = Non-spawn XP
 C = Spawn XP percentage of total XP
 D = Spawn monster count
 E = Non-spawn monster count
 F = Spawn count percentage of total count
 G = Total turns spent on level
                    A         B        C        D         E        F      G
               +---------+---------+-------+---------+---------+-------+---------
         Total |       0 |     775 |   0.0 |       0 |      90 |   0.0 |  3966
               +---------+---------+-------+---------+---------+-------+---------
           D:1 |       0 |      50 |   0.0 |       0 |      28 |   0.0 |   726
           D:2 |       0 |     146 |   0.0 |       0 |      31 |   0.0 |  1256
           D:3 |       0 |     431 |   0.0 |       0 |      27 |   0.0 |  1787
           D:4 |       0 |     148 |   0.0 |       0 |       4 |   0.0 |   197
               +---------+---------+-------+---------+---------+-------+---------
